AAA EAST
BUFFALO BISONS @ OMAHA STORM CHASERS
08/27/2041
 
TOP OF THE 1ST
Buffalo Bisons batting - Pitching for Omaha Storm Chasers : RHP Andy Nolan
Pitching: RHP Andy Nolan
Batting: LHB Jeremy Young 0-0: Ball
1-0: Ground out 6-3 (Groundball, 6, EV 78.8 MPH)
Batting: RHB Jeff Jones 0-0: Ball
1-0: Called Strike
1-1: Called Strike
1-2: Ball
2-2: Foul Ball, location: 2F
2-2: SINGLE (Line Drive, 6D, EV 97.5 MPH)
Batting: SHB Eustachio Tucci 0-0: Called Strike
0-1: Swinging Strike
0-2: Ball
1-2: Strikes out looking
Batting: RHB Doug Dixon 0-0: Foul Ball, location: 25F
0-1: Swinging Strike
0-2: Foul Ball, location: 23FF
0-2: Foul Ball, location: 2LF
0-2: Ground out 4-3 (Groundball, 34, EV 84.4 MPH)
Top of the 1st over - 0 runs, 1 hit, 0 errors, 1 left on base; Buffalo 0 - Omaha 0
BOTTOM OF THE 1ST
Omaha Storm Chasers batting - Pitching for Buffalo Bisons : RHP Chris Goodwin
Pitching: RHP Chris Goodwin
Batting: LHB Raúl Ortíz 0-0: Ball
1-0: Ball
2-0: Ball
3-0: Base on Balls
Batting: RHB Pat Baldwin 0-0: Ball
1-0: Foul Ball, location: 3SF
1-1: Foul Ball, location: 23F
1-2: Fly out, F9 (Line Drive, 89M, EV 90.6 MPH)
Batting: RHB Chad Morgan 0-0: Called Strike
0-1: Swinging Strike
0-2: Strikes out swinging
Batting: LHB José Cardenas 0-0: Ball
1-0: Swinging Strike
1-1: Ball
2-1: Called Strike
2-2: DOUBLE (Flyball, 78XD, EV 108.1 MPH)
Raúl Ortíz to third
Runner from 3rd tries for Home, SAFE, throw by LF to home
Batting: LHB Jorge Martínez 0-0: Ball
1-0: Ball
2-0: Called Strike
2-1: Ball
3-1: Base on Balls
Batting: LHB José Villa 0-0: Called Strike
0-1: Ball
1-1: Called Strike
1-2: Ball
2-2: Foul Ball, location: 3FF
2-2: Fielders Choice at 2nd, 6-4 (Groundball, 6, EV 87.5 MPH)
Bottom of the 1st over - 1 run, 1 hit, 0 errors, 2 left on base; Buffalo 0 - Omaha 1
TOP OF THE 2ND
Buffalo Bisons batting - Pitching for Omaha Storm Chasers : RHP Andy Nolan
Batting: RHB José Valadez 0-0: Ball
1-0: Called Strike
1-1: SOLO HOME RUN (Flyball, 78XD, EV 104.4 MPH), Distance : 386 ft
Batting: LHB Mike Deal 0-0: Swinging Strike
0-1: Ball
1-1: Swinging Strike
1-2: Ball
2-2: Ball
3-2: Base on Balls
Batting: RHB Raúl Peña 0-0: Sac Bunt to 15S - play at first, batter OUT! 1-3
Mike Deal to second
Batting: RHB Jorge Gutiérrez 0-0: Called Strike
0-1: Ball
1-1: Swinging Strike
1-2: Foul Ball, location: 3F
1-2: Ball
2-2: Ball
3-2: Base on Balls
Batting: RHB Sergio Romero 0-0: Called Strike
0-1: Ball
1-1: Called Strike
1-2: Ball
2-2: Ball
3-2: Foul Ball, location: 23F
3-2: Fly out, F7 (Flyball, 7D, EV 106.3 MPH)
Runner from 2nd tags up, SAFE at 3rd, no throw by LF
Batting: LHB Jeremy Young 0-0: Foul Ball, location: 3FF
0-1: Swinging Strike
0-2: Ball
1-2: Ground out 2-3 (Groundball, 13S, EV 66.3 MPH)
Top of the 2nd over - 1 run, 1 hit, 0 errors, 2 left on base; Buffalo 1 - Omaha 1
BOTTOM OF THE 2ND
Omaha Storm Chasers batting - Pitching for Buffalo Bisons : RHP Chris Goodwin
Batting: RHB Juan Ramos 0-0: SINGLE (Groundball, 6MD, EV 95.0 MPH)
Batting: RHB Cliff O'Halloran 0-0: Sac Bunt to 3S - play at first, batter OUT! 3-4
Juan Ramos to second
Batting: RHB Luis Serrano 0-0: Ball
1-0: Called Strike
1-1: Foul Ball, location: 7LSF
1-2: Ball
2-2: Ball
3-2: Foul Ball, location: 5F
3-2: Foul Ball, location: 7LDF
3-2: Fly out, F9 (Flyball, 9, EV 88.8 MPH)
Batting: LHB Raúl Ortíz 0-0: Ball
1-0: Swinging Strike
1-1: Fly out, F8 (Line Drive, 89D, EV 93.8 MPH)
Bottom of the 2nd over - 0 runs, 1 hit, 0 errors, 1 left on base; Buffalo 1 - Omaha 1
TOP OF THE 3RD
Buffalo Bisons batting - Pitching for Omaha Storm Chasers : RHP Andy Nolan
Batting: RHB Jeff Jones 0-0: Ball
1-0: SINGLE (Groundball, 25, EV 66.3 MPH) (infield hit)
Batting: SHB Eustachio Tucci 0-0: Ball
1-0: Ball
2-0: Fielders Choice at 2nd, 3-6 (Groundball, 3, EV 82.5 MPH)
Batting: RHB Doug Dixon 0-0: Foul Ball, location: 2F
0-1: Called Strike
0-2: Ball
1-2: Ball
2-2: Ball
3-2: Foul Ball, location: 3DF
3-2: Base on Balls
Eustachio Tucci to second
Batting: RHB José Valadez 0-0: Fly out, F7 (Flyball, 7, EV 88.1 MPH)
Batting: LHB Mike Deal 0-0: Called Strike
0-1: Ball
1-1: Foul Ball, location: 7LMF
1-2: Strikes out swinging
Top of the 3rd over - 0 runs, 1 hit, 0 errors, 2 left on base; Buffalo 1 - Omaha 1
BOTTOM OF THE 3RD
Omaha Storm Chasers batting - Pitching for Buffalo Bisons : RHP Chris Goodwin
Batting: RHB Pat Baldwin 0-0: Ball
1-0: Ball
2-0: Ball
3-0: Called Strike
3-1: Foul Ball, location: 2F
3-2: Ground out U3 (Groundball, 34, EV 101.9 MPH)
Batting: RHB Chad Morgan 0-0: Ball
1-0: Ground out 5-3 (Groundball, 56S, EV 90.0 MPH)
Batting: LHB José Cardenas 0-0: Called Strike
0-1: Foul Ball, location: 5SF
0-2: Strikes out swinging
Bottom of the 3rd over - 0 runs, 0 hits, 0 errors, 0 left on base; Buffalo 1 - Omaha 1
TOP OF THE 4TH
Buffalo Bisons batting - Pitching for Omaha Storm Chasers : RHP Andy Nolan
Batting: RHB Raúl Peña 0-0: Ball
1-0: Called Strike
1-1: Swinging Strike
1-2: Ball
2-2: Ball
3-2: Base on Balls
Batting: RHB Jorge Gutiérrez 0-0: Sac Bunt to 13S - play at first, batter OUT! 1-3
Raúl Peña to second
Batting: RHB Sergio Romero 0-0: Called Strike
0-1: Foul Ball, location: 9LSF
0-2: Ball
1-2: Ball
2-2: Foul Ball, location: 9LMF
2-2: Ball
3-2: Foul Ball, location: 9LMF
3-2: Base on Balls
Batting: LHB Jeremy Young 0-0: Fielders Choice at 2nd, 1-6 (Groundball, 13S, EV 68.8 MPH)
Raúl Peña to third
Batting: RHB Jeff Jones 0-0: Called Strike
0-1: Called Strike
0-2: Fielders Choice at 2nd, 6-4 (Groundball, 6, EV 87.5 MPH)
Top of the 4th over - 0 runs, 0 hits, 0 errors, 2 left on base; Buffalo 1 - Omaha 1
BOTTOM OF THE 4TH
Omaha Storm Chasers batting - Pitching for Buffalo Bisons : RHP Chris Goodwin
Batting: LHB Jorge Martínez 0-0: Ground out 4-3 (Groundball, 4S, EV 83.1 MPH)
Batting: LHB José Villa 0-0: Ball
1-0: Swinging Strike
1-1: Ball
2-1: SINGLE (Groundball, 4M, EV 102.5 MPH)
Batting: RHB Juan Ramos 0-0: Ball
1-0: Swinging Strike
1-1: Ball
2-1: Grounds into double play, 4-6-3 (Groundball, 34, EV 106.3 MPH)
Bottom of the 4th over - 0 runs, 1 hit, 0 errors, 0 left on base; Buffalo 1 - Omaha 1
TOP OF THE 5TH
Buffalo Bisons batting - Pitching for Omaha Storm Chasers : RHP Andy Nolan
Batting: SHB Eustachio Tucci 0-0: Called Strike
0-1: Ball
1-1: Foul Ball, location: 2F
1-2: Ball
2-2: Ground out U3 (Groundball, 34, EV 85.0 MPH)
Pitching: RHP Mike Hankins
Batting: RHB Doug Dixon 0-0: Foul Ball, location: 9LDF
0-1: Ball
1-1: Foul Ball, location: 2F
1-2: Ball
2-2: Strikes out swinging
Batting: RHB José Valadez 0-0: Called Strike
0-1: Ground out 5-3 (Groundball, 15, EV 79.4 MPH)
Top of the 5th over - 0 runs, 0 hits, 0 errors, 0 left on base; Buffalo 1 - Omaha 1
BOTTOM OF THE 5TH
Omaha Storm Chasers batting - Pitching for Buffalo Bisons : RHP Chris Goodwin
Batting: RHB Cliff O'Halloran 0-0: Foul Ball, location: 9LSF
0-1: Called Strike
0-2: Strikes out looking
Batting: RHB Luis Serrano 0-0: Ball
1-0: Called Strike
1-1: SINGLE (Line Drive, 9S, EV 103.1 MPH)
Batting: LHB Raúl Ortíz 0-0: Ball
1-0: Foul Ball, location: 7LSF
1-1: Foul Ball, location: 2F
1-2: Fly out, F6 (Popup, 6, EV 58.1 MPH)
Batting: RHB Pat Baldwin 0-0: Called Strike
0-1: Swinging Strike
0-2: Strikes out looking
Bottom of the 5th over - 0 runs, 1 hit, 0 errors, 1 left on base; Buffalo 1 - Omaha 1
TOP OF THE 6TH
Buffalo Bisons batting - Pitching for Omaha Storm Chasers : RHP Mike Hankins
Batting: LHB Mike Deal 0-0: Ball
1-0: Ball
2-0: Called Strike
2-1: Fly out, F5 (Popup, 56S, EV 83.8 MPH)
Batting: RHB Raúl Peña 0-0: Called Strike
0-1: Called Strike
0-2: Ball
1-2: Ground out 5-3 (Groundball, 56, EV 79.4 MPH)
Batting: RHB Jorge Gutiérrez 0-0: Ball
1-0: Foul Ball, location: 9LMF
1-1: Foul Ball, location: 2F
1-2: SINGLE (Flyball, 8RS, EV 94.4 MPH)
Batting: RHB Sergio Romero 0-0: Fly out, F8 (Flyball, 8LM, EV 87.5 MPH)
Top of the 6th over - 0 runs, 1 hit, 0 errors, 1 left on base; Buffalo 1 - Omaha 1
BOTTOM OF THE 6TH
Omaha Storm Chasers batting - Pitching for Buffalo Bisons : RHP Chris Goodwin
Batting: RHB Chad Morgan 0-0: SINGLE (Line Drive, 8LS, EV 98.8 MPH)
Batting: LHB José Cardenas 0-0: Fly out, F4 (Popup, 4M, EV 58.8 MPH)
Batting: LHB Jorge Martínez 0-0: SINGLE (Line Drive, 4D, EV 107.5 MPH)
Chad Morgan to second
Batting: LHB José Villa 0-0: Ball
1-0: Ball
2-0: SINGLE (Groundball, 5D, EV 102.5 MPH)
Chad Morgan to third
Jorge Martínez to second
Batting: RHB Juan Ramos 0-0: Ball
1-0: Fly out, F9 (Flyball, 89S, EV 81.9 MPH)
Batting: RHB Cliff O'Halloran 0-0: Ball
1-0: Ball
2-0: Called Strike
2-1: Foul Ball, location: 7LMF
2-2: Fly out, F8 (Flyball, 89S, EV 83.8 MPH)
Bottom of the 6th over - 0 runs, 3 hits, 0 errors, 3 left on base; Buffalo 1 - Omaha 1
TOP OF THE 7TH
Buffalo Bisons batting - Pitching for Omaha Storm Chasers : RHP Mike Hankins
Batting: LHB Jeremy Young 0-0: Called Strike
0-1: Foul Ball, location: 3F
0-2: Strikes out swinging
Batting: RHB Jeff Jones 0-0: Fly out, F9 (Flyball, 9, EV 93.8 MPH)
Batting: SHB Eustachio Tucci 0-0: Ground out 3-1 (Groundball, 34S, EV 86.9 MPH)
Top of the 7th over - 0 runs, 0 hits, 0 errors, 0 left on base; Buffalo 1 - Omaha 1
BOTTOM OF THE 7TH
Omaha Storm Chasers batting - Pitching for Buffalo Bisons : RHP Chris Goodwin
Batting: RHB Luis Serrano 0-0: Foul Ball, location: 2F
0-1: Called Strike
0-2: Foul Ball, location: 3F
0-2: Ball
1-2: Ball
2-2: Strikes out swinging
Batting: LHB Raúl Ortíz 0-0: SINGLE (Line Drive, 3D, EV 105.6 MPH)
Batting: RHB Pat Baldwin 0-0: Called Strike
0-1: Ball
1-1: Ball
2-1: Grounds into double play, 4-6-3 (Groundball, 4, EV 80.0 MPH)
Bottom of the 7th over - 0 runs, 1 hit, 0 errors, 0 left on base; Buffalo 1 - Omaha 1
TOP OF THE 8TH
Buffalo Bisons batting - Pitching for Omaha Storm Chasers : RHP Mike Hankins
Pinch Hitting: LHB José Tovar 0-0: Called Strike
0-1: Ball
1-1: Foul Ball, location: 5F
1-2: Ball
2-2: SINGLE (Flyball, 8LS, EV 101.3 MPH)
Pinch Hitting: SHB Jeremiah Taylor 0-0: SINGLE (Line Drive, 56, EV 95.6 MPH)
José Tovar to second
Batting: LHB Mike Deal 0-0: Called Strike
0-1: Ball
1-1: Ball
2-1: Ball
3-1: Base on Balls
José Tovar to third
Jeremiah Taylor to second
Batting: RHB Raúl Peña 0-0: Swinging Strike
0-1: Ball
1-1: Fly out, F8 (Flyball, 8RS, EV 75.0 MPH)
Batting: RHB Jorge Gutiérrez 0-0: Ball
1-0: Ball
2-0: Ball
3-0: Base on Balls
José Tovar scores
Jeremiah Taylor to third
Mike Deal to second
Batting: RHB Sergio Romero 0-0: Ball
1-0: Foul Ball, location: 5FF
1-1: Foul Ball, location: 2F
1-2: Foul Ball, location: 9LDF
1-2: Fly out, F4 (Line Drive, 34, EV 76.3 MPH)
Batting: LHB Jeremy Young 0-0: Foul Ball, location: 2F
0-1: Ball
1-1: Swinging Strike
1-2: Ball
2-2: Foul Ball, location: 9LMF
2-2: Foul Ball, location: 5FF
2-2: Fly out, F5 (Popup, 5, EV 71.9 MPH)
Top of the 8th over - 1 run, 2 hits, 0 errors, 3 left on base; Buffalo 2 - Omaha 1
BOTTOM OF THE 8TH
Omaha Storm Chasers batting - Pitching for Buffalo Bisons : RHP Chris Goodwin
Now at SS: Ron Kirkland
Now in LF: Eustachio Tucci
Now in RF: José Tovar
Pinch Hitting: SHB Derek Wilson 0-0: Ball
1-0: Ground out 1-3 (Groundball, 15S, EV 66.3 MPH)
Batting: LHB José Cardenas 0-0: Ball
1-0: Ball
2-0: Called Strike
2-1: Foul Ball, location: 7LMF
2-2: Strikes out swinging
Pitching: RHP Raúl Rivera
Batting: LHB Jorge Martínez 0-0: Ball
1-0: Foul Ball, location: 3FF
1-1: Foul Ball, location: 7LDF
1-2: Ball
2-2: Strikes out swinging
Bottom of the 8th over - 0 runs, 0 hits, 0 errors, 0 left on base; Buffalo 2 - Omaha 1
TOP OF THE 9TH
Buffalo Bisons batting - Pitching for Omaha Storm Chasers : RHP Mike Hankins
Now at 1B: Pat Gregory
Batting: RHB Jeff Jones 0-0: Ball
1-0: Swinging Strike
1-1: Ball
2-1: Foul Ball, location: 7LSFF
2-2: Strikes out looking
Batting: SHB Eustachio Tucci 0-0: Fly out, F9 (Line Drive, 89M, EV 103.8 MPH)
Batting: LHB José Tovar 0-0: Ball
1-0: Fly out, F8 (Flyball, 8LM, EV 97.5 MPH)
Top of the 9th over - 0 runs, 0 hits, 0 errors, 0 left on base; Buffalo 2 - Omaha 1
BOTTOM OF THE 9TH
Omaha Storm Chasers batting - Pitching for Buffalo Bisons : RHP Raúl Rivera
Pitching: RHP Anastasio González
Batting: LHB José Villa 0-0: Ground out 4-3 (Groundball, 4, EV 85.0 MPH)
Pinch Hitting: LHB Tim Thurman 0-0: Ball
1-0: Ball
2-0: Called Strike
2-1: Ball
3-1: Swinging Strike
3-2: Ground out 4-3 (Groundball, 4, EV 85.0 MPH)
Pinch Hitting: RHB Nate Smith 0-0: Ball
1-0: Foul Ball, location: 5F
1-1: Swinging Strike
1-2: Foul Ball, location: 2F
1-2: Foul Ball, location: 2F
1-2: SINGLE (Line Drive, 78D, EV 103.1 MPH)
Pinch Hitting: LHB Mathias Carena 0-0: Ball
1-0: Ball
2-0: Called Strike
2-1: Fly out, F9 (Flyball, 9D, EV 104.4 MPH)
Bottom of the 9th over - 0 runs, 1 hit, 0 errors, 1 left on base; Buffalo 2 - Omaha 1
Monday, April 1st , 2024 - OOTP Baseball 24.10 Build 82